 Dungeon Crawl Stone Soup version 0.25.0-37-gb73750e0fb (webtiles) character file.

Game seed: 4348951827030631413

84 xccam the Sneak (level 4, -2/29 HPs)
             Began as an Octopode Assassin on July 8, 2020.
             Shot with a stone by a goblin (4 damage)
             ... on level 3 of the Dungeon.
             The game lasted 00:02:20 (2149 turns).

xccam the Sneak (Octopode Assassin)                 Turns: 2149, Time: 00:02:21

Health: -2/29      AC:  1    Str: 10    XL:     4   Next: 45%
Magic:  4/4        EV: 13    Int: 13    God:
Gold:   144        SH:  0    Dex: 14    Spells: 3/3 levels left

rFire    . . .     SeeInvis .   a - +2 dagger
rCold    . . .     Gourm    .   (no shield)
rNeg     . . .     Faith    .   (helmet restricted)
rPois    .         Spirit   .   (no amulet)
rElec    .         Reflect  .   (no ring)
rCorr    .         Harm     .   (no ring)
MR       .....                  (no ring)
Stlth    ++++......             (no ring)
HPRegen  0.09/turn              (no ring)
MPRegen  0.09/turn              (no ring)
                                (no ring)
                                (no ring)

@: lethally poisoned (-2 -> -9)
A: almost no armour, stealthy swim, amphibious, 8 rings, constrict 8, camouflage
1, gelatinous body 1
a: no special abilities


You were on level 3 of the Dungeon.
You were not hungry.

You visited 1 branch of the dungeon, and saw 3 of its levels.

You collected 144 gold pieces.

Inventory:

Hand Weapons
 a - a +2 dagger (weapon)
Missiles
 b - 24 poisoned darts (quivered)
 c - 2 curare-tipped darts
Scrolls
 f - 3 scrolls of remove curse
 g - 2 scrolls of enchant armour {unknown}
 j - a scroll of amnesia {unknown}
 l - a scroll of teleportation {unknown}
 m - a scroll of blinking {unknown}
 n - a scroll of identify {unknown}
Potions
 e - 2 potions of haste {unknown}
 h - 2 potions of brilliance {unknown}
 i - a potion of heal wounds {unknown}
 o - a potion of flight {unknown}
Comestibles
 d - 4 rations


   Skills:
 - Level 2.0 Fighting
 + Level 4.5 Short Blades
 - Level 2.0 Throwing
 - Level 1.0 Dodging
 - Level 5.3 Stealth


You had 3 spell levels left.
You didn't know any spells.
Your spell library was empty.

Dungeon Overview and Level Annotations

Branches:
Dungeon (3/15)

Altars:
Xom


Innate Abilities, Weirdness & Mutations

You cannot wear most types of armour.
You are very stealthy in the water. (Stealth+)
You are amphibious.
You can wear up to eight rings at the same time.
You can use your tentacles to constrict eight enemies at once.
Your skin changes colour to match your surroundings (Stealth+).
Your rubbery body absorbs attacks. (AC +1, EV +1)


Message History

You constrict the adder. The adder misses you.
You hit the adder but do no damage.
The adder is heavily wounded.
You constrict the adder.
You feel sick.
An adder comes into view.
The adder closely misses you.
You are too injured to fight recklessly!
The adder hisses angrily.
You hit the adder.
You kill the adder!
You feel sick.
You feel sick.
The goblin unwields a +0 club.
The goblin wields a +0 hunting sling.
The goblin shoots a stone.
The stone hits you.
You see here a stone.
You feel sick.
The goblin shoots a stone.
The stone hits you!
* * * LOW HITPOINT WARNING * * *
You see here a stone.
The goblin shoots a stone.
The stone hits you.
You die...

#. ..### .###.#..
..#.#=# # ##.
#.#.#.#.#...
###.#.#.#.#.#
..........#
#.#.#.#.#
###..@.<..#
###..((.÷(###♣...
#.†...†........._
#g#)......###...≈
.. #:...†.(# ≈.
... ######.## ...
#.# .S #.# . #..


You could see a goblin.

Vanquished Creatures
  An adder (D:3)
  An ooze (D:2)
  5 worms
  A dart slug (D:1)
  2 leopard geckos
  An orc (D:2)
  A giant cockroach (D:2)
  4 goblins
  5 hobgoblins
  5 jackals (D:2)
  7 kobolds
  A ball python (D:3)
  7 bats
  2 frilled lizards
  5 rats
48 creatures vanquished.

Notes
Turn   | Place    | Note
-------+----------+-------------------------------------------
     0 | D:1      | xccam the Octopode Assassin began the quest for the Orb.
     0 | D:1      | Reached XP level 1. HP: 14/14 MP: 1/1
   286 | D:1      | Reached XP level 2. HP: 19/19 MP: 2/2
   914 | D:2      | Reached XP level 3. HP: 24/24 MP: 3/3
  1313 | D:3      | Found a shimmering altar of Xom.
  1672 | D:3      | Reached XP level 4. HP: 24/29 MP: 4/4
  2149 | D:3      | Shot with a stone by a goblin

Illustrated notes

Levels and vault maps discovered:
D:1:      eino_arrival_cavern_a, layout_rooms
D:2:      layout_basic, kennysheep_generic_room_8
D:3:      layout_basic, xom_redecorated

Skill      XL: |  1  2  3 |
---------------+----------+-----
Short Blades   | 3 4 |  4.5
Fighting       | |  2.0
Throwing       | |  2.0
Dodging        | |  1.0
Stealth        | |  5.3

Action                   |  1- 3 |  4- 6 || total
-------------------------+-------+-------++-------
Melee: Dagger            |    66 |    28 ||    94
       Constrict         |    18 |     9 ||    27
       Tentacles         |    10 |     7 ||    17
Throw: Dart              |       |     9 ||     9
  Use: Scroll            |     1 |       ||     1
 Stab: Sleeping          |    10 |       ||    10
  Eat: Chunk             |     2 |     2 ||     4
Armor: Skin              |     7 |     3 ||    10
Dodge: Dodged            |    54 |    23 ||    77
